 Dungeon Crawl Stone Soup version 0.25.1-8-g42b30a86e7 (webtiles) character file.

Game seed: 13013440065388236504

2606 Abzac the Cutter (level 9, 0/58 HPs)
             Began as a Halfling Warper on Dec 20, 2020.
             Was a Follower of Ashenzari.
             Slain by a killer bee (4 damage)
             ... on level 8 of the Dungeon.
             The game lasted 00:41:55 (11184 turns).

Abzac the Cutter (Halfling Warper)                 Turns: 11184, Time: 00:41:56

Health: 0/58       AC:  9    Str: 15    XL:     9   Next: 90%
Magic:  9/12       EV: 16    Int: 11    God:    Ashenzari [*.....]
Gold:   216        SH:  0    Dex: 20    Spells: 4/12 levels left

rFire    + . .     SeeInvis .   p - +0 dagger (venom) (curse)
rCold    . . .     Gourm    .   (shield restricted)
rNeg     . . .     Faith    .   K - +2 ring mail of Shadows and Fog {Dex+6}
rPois    .         Spirit   .   r - +0 helmet (curse)
rElec    .         Reflect  .   E - scarf {+Inv}
rCorr    .         Harm     .   (no gloves)
MR       .....                  (no boots)
Stlth    +++.......             (no amulet)
HPRegen  0.19/turn              B - ring of wizardry
MPRegen  0.13/turn              H - ring of protection from fire

@: lethally poisoned (0 -> -3)
A: small, mutation resistance 1
a: Curse Item, Scrying, Renounce Religion, Evoke Invisibility


You were on level 8 of the Dungeon.
You worshipped Ashenzari.
Ashenzari was aware of your devotion.
You were near starving.

You visited 2 branches of the dungeon, and saw 11 of its levels.
You also visited: Sewer.

You collected 360 gold pieces.
You spent 144 gold pieces at shops.

Inventory:

Hand Weapons
 a - a +0 short sword
 l - a cursed -2 short sword
 p - a cursed +0 dagger of venom (weapon)
 y - a +0 arbalest
 z - a +1 long sword of freezing
 A - a +0 hunting sling
 D - a +0 whip
 L - a +0 hunting sling
Missiles
 e - 2 boomerangs of dispersal (quivered)
 g - 71 arrows
 o - 50 bolts
 u - 11 poisoned darts
 C - 21 stones
 I - 5 boomerangs
Armour
 b - a +0 leather armour
 r - a cursed +0 helmet (worn)
 v - a +0 ring mail
 E - a scarf of invisibility (worn)
 K - the +2 ring mail of Shadows and Fog (worn) {Dex+6}
   (You bought it in a shop on level 6 of the Dungeon)

   It affects your dexterity (+6).
Jewellery
 B - a ring of wizardry (left hand)
 H - a ring of protection from fire (right hand)
Wands
 w - a wand of iceblast (7)
Scrolls
 d - 3 scrolls of blinking
 i - 3 scrolls of identify
 j - 2 scrolls of magic mapping
 n - a scroll of enchant weapon
 q - 5 scrolls of teleportation
 t - a scroll of fog
 x - a scroll of noise {unknown}
 F - 2 scrolls of amnesia {unknown}
 G - a scroll of immolation {unknown}
Potions
 c - a potion of cancellation {unknown}
 h - a potion of curing
 k - 3 potions of stabbing
 m - 4 potions of magic
 s - 2 potions of lignification {unknown}
 J - a potion of resistance {unknown}
 N - a potion of degeneration {unknown}
Comestibles
 f - 7 rations


   Skills:
 + Level 4.0 Fighting
 + Level 7.7 Short Blades
 - Level 1.0 Throwing
 + Level 5.4 Armour
 - Level 5.0 Dodging
 - Level 6.0 Stealth
 - Level 2.2 Spellcasting
 - Level 7.2 Translocations


You had 4 spell levels left.
You knew the following spells:

 Your Spells              Type           Power        Failure   Level  Hunger
a - Blink                 Tloc           N/A          1%          2    ###....
b - Teleport Other        Tloc           ###.....     3%          3    ####...
c - Gell's Gravitas       Tloc           ###.......   3%          3    ####...

Your spell library contained the following spells:

 Spells                   Type           Power        Failure   Level  Hunger
 Lesser Beckoning         Tloc           ###.......   3%          3    ####...
 Shroud of Golubria       Chrm/Tloc      #.....       8%          2    ###....
 Passage of Golubria      Tloc           N/A          11%         4    #####..


Dungeon Overview and Level Annotations

Branches:
Dungeon (10/15)            Temple (1/1) D:4           Sewer (visited)
   Lair: D:8-11         Orc: D:9-12

Altars:
Ashenzari
Cheibriados
Elyvilon
Fedhas
Gozag
Hepliaklqana
Makhleb
Nemelex Xobeh
Qazlal
Ru
Sif Muna
Uskayaw
Vehumet
Wu Jian
Xom
Yredelemnul
Zin
The Shining One

Shops:
D:6 [

Annotations:
D:4 Edmund
D:5 2 transporters


Innate Abilities, Weirdness & Mutations

You are small and have problems with some larger weapons.
You are somewhat resistant to further mutation.


Message History

Unknown command.
An orc comes into view. It is wielding a +0 falchion.
An orc warrior comes into view. It is wielding a +0 flail.
The killer bee closely misses you.
Unknown command.
The killer bee buzzes angrily.
The orc shouts! x2
You hit the killer bee but do no damage.
The killer bee stings you.
* * * LOW HITPOINT WARNING * * *
You are poisoned.
The killer bee poisons you!
You closely miss the killer bee.
You feel sick. The killer bee stings you.
* * * LOW HITPOINT WARNING * * *
The phantom blinks!
You closely miss the killer bee. The killer bee closely misses you.
An orc comes into view.
The killer bee barely misses you.
Your ring mail of Shadows and Fog prevents you from hitting the killer bee.
The killer bee stings you.
You die...

######### #........
#........
##########W.......
#@yO.W............
o..ooo..#..##.##........
...o###.y.###...........
## #.#...#..#.....†..
#.###.....(......) ..#
###.#......... ....
#.#.......†. .....
#.#...#....# ..........#


You could see a phantom, an orc warrior, an ogre, 2 killer bees and 4 orcs.

Vanquished Creatures
  A hippogriff (D:8)
  A hungry ghost (D:7)
  A water moccasin (D:8)
  2 porcupines
  2 sky beasts (D:6)
  A centaur (D:8)
  A crocodile (Sewer)
  4 bullfrogs
  2 scorpions
  6 killer bees
  4 crimson imps
  A bullfrog zombie (D:5)
  A bullfrog skeleton (D:5)
  2 gnoll shamans (D:5)
  A quasit (D:4)
  2 orc priests
  3 hounds
  An orc wizard (D:5)
  An iguana (D:6)
  6 worker ants
  A hound skeleton (D:5)
  Robin (D:2)
  11 gnolls
  8 adders
  A howler monkey skeleton (D:4)
  A shadow imp (D:7)
  5 oozes
  An adder skeleton (D:4)
  4 worms
  3 dart slugs
  4 leopard geckos
  16 orcs
  3 ball pythons
  2 bat zombies (D:9)
  11 giant cockroaches
  20 goblins
  10 hobgoblins
  8 jackals
  4 quokkas
  14 bats
  11 frilled lizards
  10 kobolds
  2 quokka skeletons
  6 rats
200 creatures vanquished.

Vanquished Creatures (others)
  9 fungi (D:8)
  3 plants (D:8)
12 creatures vanquished.

Grand Total: 212 creatures vanquished

Notes
Turn   | Place    | Note
-------+----------+-------------------------------------------
     0 | D:1      | Abzac the Halfling Warper began the quest for the Orb.
     0 | D:1      | Reached XP level 1. HP: 14/14 MP: 3/3
   174 | D:1      | Reached XP level 2. HP: 12/19 MP: 4/4
   399 | D:1      | Learned a level 2 spell: Blink
   520 | D:1      | Reached XP level 3. HP: 22/24 MP: 5/5
  1531 | D:2      | Reached XP level 4. HP: 25/29 MP: 7/7
  2468 | D:2      | Reached XP level 5. HP: 27/34 MP: 8/8
  2694 | D:2      | Noticed Robin
  2755 | D:2      | Killed Robin
  2937 | D:2      | Reached skill level 5 in Short Blades
  3417 | D:3      | Reached XP level 6. HP: 39/39 MP: 9/9
  4253 | D:4      | Reached skill level 1 in Stealth
  4424 | D:4      | Found a staircase to the Ecumenical Temple.
  4452 | Temple   | Entered the Ecumenical Temple
  4515 | Temple   | Became a worshipper of Ashenzari the Shackled
  4596 | D:4      | Found a hazy altar of Hepliaklqana.
  4597 | D:4      | Found a shimmering altar of Xom.
  4598 | D:4      | Noticed a spectral ugly thing
  4622 | D:4      | Found an opulent altar of Gozag.
  5022 | D:4      | Noticed Edmund
  5092 | D:5      | Entered Level 5 of the Dungeon
  5131 | D:5      | Reached skill level 5 in Translocations
  5131 | D:5      | Reached XP level 7. HP: 43/45 MP: 10/10
  5304 | D:5      | Found a transporter.
  5474 | D:5      | Found a transporter.
  5761 | D:5      | Found a glowing drain.
  5795 | Sewer    | Entered a sewer
  6435 | D:5      | Reached XP level 8. HP: 37/50 MP: 11/11
  7234 | D:6      | Reached skill level 5 in Dodging
  7261 | D:6      | Learned a level 3 spell: Teleport Other
  7750 | D:7      | Reached skill level 5 in Stealth
  8029 | D:7      | Found a blossoming altar of Fedhas.
  8054 | D:7      | Found a stormy altar of Qazlal.
  8536 | D:7      | Noticed a hippogriff
  8544 | D:7      | Reached * piety under Ashenzari
  8930 | D:6      | Found Mimamnung's Antique Armour Boutique.
  8955 | D:6      | Bought a crude ring mail for 144 gold pieces
  8965 | D:6      | Identified the +2 ring mail of Shadows and Fog {Dex+6} (You
                  | bought it in a shop on level 6 of the Dungeon)
  9005 | D:6      | HP: 1/50 [orc warrior/stone (8)]
  9163 | D:7      | Noticed a hippogriff
  9193 | D:9      | Reached XP level 9. HP: 33/54 MP: 12/12
  9324 | D:9      | Learned a level 3 spell: Gell's Gravitas
  9697 | D:9      | Noticed a two-headed ogre
  9951 | D:9      | HP: 2/54 [killer bee (6)]
  9961 | D:10     | Entered Level 10 of the Dungeon
 10797 | D:8      | Noticed a hippogriff
 10871 | D:8      | Killed a hippogriff
 10871 | D:8      | Reached skill level 5 in Armour
 11175 | D:8      | HP: 2/58 [killer bee (5)]
 11184 | D:8      | Slain by a killer bee

Illustrated notes

Levels and vault maps discovered:
D:1:      psy_arrival_spokes, layout_basic, minmay_tetromino_i2
D:2:      kennysheep_six_static_rooms, layout_basic, uniq_robin
D:3:      layout_rooms
D:4:      layout_basic, regret_index_temple_of_mockery,
          nicolae_gozag_seed_capital, minmay_temple_entry_mini_moons,
          uniq_edmund
D:5:      gammafunk_steamed_eel, layout_loops_ring, first_ration,
          cheibrodos_sewer_entry_sluice, roderic_serpentine_path
D:6:      layout_basic, tgw_trog, minmay_shop_grid_forest,
          hangedman_decor_peaks_small, uniq_pikel, uniq_maggie
D:7:      layout_cave_pods, grunt_temple_overflow_forces_of_nature
D:8:      layout_rooms, okawaru_altar_gauntlet_db,
          grunt_lair_entry_orc_guard_hut
D:9:      layout_long_grid, kennysheep_vampire_church, lemuel_round_altar,
          enter_bailey_2, uniq_psyche
D:10:     layout_basic, orc_0_dummy, serial_shops, shop_scrolls, uniq_snorg
Temple:   cyrus_circular_temple

Skill      XL: |  1  2  3  4  5  6  7  8  9 |
---------------+----------------------------+-----
Short Blades   | 3 4 5 6 7 |  7.7
Spellcasting   | 2 |  2.2
Translocations | 4 5 6 7 |  7.2
Fighting       | 2 4 |  4.0
Stealth        | 2 3 5 6 |  6.0
Dodging        | 3 4 5 |  5.0
Armour         | 2 5 |  5.4
Throwing       | |  1.0

Action                   |  1- 3 |  4- 6 |  7- 9 || total
-------------------------+-------+-------+-------++-------
Melee: Short sword       |   133 |    17 |       ||   150
       Dagger            |       |   308 |   614 ||   922
Throw: Boomerang         |     2 |       |     1 ||     3
 Cast: Blink             |     1 |     1 |    15 ||    17
       Teleport Other    |       |       |    12 ||    12
       Gell's Gravitas   |       |       |     5 ||     5
Invok: Curse Item        |       |     2 |       ||     2
  Use: Scroll            |       |     5 |     4 ||     9
       Potion            |       |       |     5 ||     5
 Stab: Sleeping          |     1 |     2 |     4 ||     7
  Eat: Chunk             |     2 |    11 |    10 ||    23
       Ration            |       |       |     7 ||     7
Armor: Leather armour    |    24 |    49 |    42 ||   115
       Ring mail         |       |       |    86 ||    86
Dodge: Dodged            |   102 |   251 |   482 ||   835
